 Dungeon Crawl Stone Soup version 0.30-a0-23-ge60ba3568b (webtiles) character file.

Game seed: 1185699041397846449

4138 SensoryNuts the Cleaver (level 10, -4/74 HPs)
             Began as a Demonspawn Fighter on Aug 25, 2022.
             Slain by an ice devil (20 damage)
             ... on level 1 of the Abyss.
             The game lasted 00:10:24 (15273 turns).

SensoryNuts the Cleaver (Demonspawn Fighter)       Turns: 15273, Time: 00:10:25

Health: -4/74      AC: 20    Str: 20    XL:     10   Next: 7%
Magic:  0/10       EV:  7    Int: 13    God:
Gold:   315        SH:  0    Dex: 18    Spells: 9/9 levels left

rFire   . . .      SeeInvis .    D - +0 battleaxe
rCold   . . .      Faith    .    (shield currently unavailable)
rNeg    . . .      Spirit   +    E - +0 plate armour
rPois   .          Reflect  .    e - +2 helmet
rElec   .          Harm     .    s - +1 cloak
rCorr   .          Rampage  .    B - +0 pair of gloves
Will    .....                    p - +0 pair of boots
Stlth   ..........               l - amulet of guardian spirit
HPRegen 0.22/turn                y - +6 ring of dexterity
MPRegen 0.12/turn                (no ring)

@: no status effects
A: powered by death 2, black mark, big brain 1, bedeviling, weakness stinger 1
a: no special abilities


You were on level 1 of the Abyss.
You visited 2 branches of the dungeon, and saw 10 of its levels.
You visited the Abyss 1 time.

You collected 395 gold pieces.
You spent 80 gold pieces at shops.

Inventory:

Hand Weapons
 a - a +1 war axe
 D - a +0 battleaxe (weapon)
Armour
 e - a +2 helmet (worn)
 p - a +0 pair of boots (worn)
 s - a +1 cloak (worn)
 B - a +0 pair of gloves (worn)
 E - a +0 plate armour (worn)
Jewellery
 b - an amulet of reflection
 g - a ring of resist corrosion
 l - an amulet of guardian spirit (around neck)
 o - a ring of magical power
 r - an amulet of faith
 y - a +6 ring of dexterity (left hand)
Wands
 h - a wand of quicksilver (14)
 t - a wand of digging (4)
 C - a wand of flame (10)
Scrolls
 j - a scroll of blinking
 w - 2 scrolls of identify
 z - a scroll of teleportation
 F - a scroll of amnesia
Potions
 c - a potion of brilliance {unknown}
 d - 3 potions of degeneration
 f - 2 potions of magic
 i - a potion of flight
 k - 2 potions of invisibility
 m - a potion of mutation
 q - 2 potions of heal wounds
 u - 2 potions of might
 v - a potion of berserk rage
 x - a potion of haste
 A - a potion of resistance


   Skills:
 + Level 5.4 Fighting
 * Level 11.1 Axes
 + Level 5.7 Armour
 + Level 2.2 Dodging
 + Level 0.8 Stealth
 + Level 3.7 Shields


You had 9 spell levels left.
You didn't know any spells.
Your spell library contained the following spells:

 Spells                   Type           Power      Damage    Failure   Level
 Sublimation of Blood     Necr           0%         N/A       100%        2
 Wereblood                Tmut           0%         N/A       100%        2
 Inner Flame              Hex/Fire       0%         N/A       100%        3
 Cause Fear               Hex            0%         N/A       100%        4
 Summon Hydra             Summ           0%         N/A       100%        7
 Discord                  Hex            0%         N/A       100%        8


Dungeon Overview and Level Annotations

Branches:
Dungeon (9/15)             Temple (1/1) D:6
   Lair: D:8-11         Orc: D:9-12

Altars:
Ashenzari
Cheibriados
Dithmenos
Fedhas
Gozag
Hepliaklqana
Kikubaaqudgha
Nemelex Xobeh
Okawaru
Qazlal
Ru
Sif Muna
Uskayaw
Wu Jian
Xom
Yredelemnul

Shops:
D:2 !

Annotations:
D:8 2 runed translucent doors, Psyche


Innate Abilities, Weirdness & Mutations

You regenerate health from kills.
Your melee attacks may debilitate your foes.
You have an unusually large brain. (Int +2)
Your hexes are more powerful.
You have a small tail.


Message History

Something hits you.
You blink.
You feel sick.
You hear some strange, mumbled words.
A swirling arc of seething chaos appears!
An arc of chaos appears from out of thin air!
The arc of chaos hits the yak.
The yak blinks!
The arc of chaos hits something.
You feel sick.
You are no longer poisoned.
You hear some strange, mumbled words.
A swirling arc of seething chaos appears!
An arc of chaos appears from out of thin air!
The arc of chaos hits you!
You are cast into the Abyss!
This branch contains the abyssal rune of Zot.
Reactivating autopickup.
Magic restored.
An ice devil comes into view.
You hit the ice devil.
You tail-slap the ice devil, but do no damage.
The ice devil is lightly wounded.
The ice devil hits you but does no damage.
You hit the ice devil.
The ice devil is lightly wounded.
The ice devil hits you. The ice devil freezes you!
You barely miss the ice devil.
You tail-slap the ice devil, but do no damage.
The ice devil is lightly wounded.
The ice devil hits you! The ice devil freezes you!!
* * * LOW HITPOINT WARNING * * *
You are too injured to fight recklessly!
You are too injured to fight recklessly!
You are too injured to fight recklessly!
You are too injured to fight recklessly!
The ice devil attacks as you move away! The ice devil barely misses you.
As you read the scroll of fear, it crumbles to dust.
You assume a fearsome visage.
The ice devil easily resists.
The ice devil hits you!
* * * LOW HITPOINT WARNING * * *
The ice devil freezes you!!
You die...

. . .. #.# #
..######
...#.###.#
#.#....#
#.@.##
##.4.#
#....#.#
#.##.......#
#.##.#.#'#
... .#### #
..#..## . .
.# .# ## .


You could see an ice devil.

Vanquished Creatures
  Pikel (D:7)
  Sigmund (D:2)
  4 yaks (D:8)
  Menkaure (D:5)
  An orc warrior (D:8)
  3 ice beasts
  2 black bears
  A sky beast (D:6)
  An ogre (D:6)
  A centaur (D:5)
  2 kobold brigands
  3 bullfrogs
  A necrophage (D:6)
  4 scorpions
  13 wights
  2 howler monkeys
  4 hounds
  3 jellies
  Crazy Yiuf (D:4)
  Natasha (D:2)
  4 iguanas
  4 orc wizards
  A gnoll (D:1)
  9 adders
  2 shadow imps (D:7)
  A white imp (D:7)
  An ufetubus (D:5)
  3 worms
  4 dart slugs
  20 orcs
  5 bats
  5 endoplasms
  4 giant cockroaches
  3 goblins
  2 hobgoblins (D:2)
  11 jackals
  11 kobolds
  3 quokkas
  3 ball pythons
  4 frilled lizards
  10 rats
160 creatures vanquished.

Vanquished Creatures (others)
  9 fungi (D:9)
  8 plants (D:9)
17 creatures vanquished.

Grand Total: 177 creatures vanquished

Notes
Turn   | Place    | Note
-------+----------+-------------------------------------------
     0 | D:1      | SensoryNuts the Demonspawn Fighter began the quest for the
                  | Orb.
     0 | D:1      | Reached XP level 1. HP: 18/18 MP: 1/1
    72 | D:1      | Reached skill level 2 in Axes
   193 | D:1      | Gained mutation: You have an unusually large brain. (Int
                  | +2) [demonic ancestry]
   193 | D:1      | Reached XP level 2. HP: 10/24 MP: 2/2
   554 | D:1      | Gained mutation: You regenerate a little health from kills.
                  | [demonic ancestry]
   554 | D:1      | Reached XP level 3. HP: 26/29 MP: 3/3
   729 | D:1      | Found a faded altar of an unknown god.
  1667 | D:2      | Reached skill level 3 in Axes
  1781 | D:2      | Found Lehog's Distillery.
  1878 | D:2      | Gained mutation: You have a small tail. [demonic ancestry]
  1878 | D:2      | Reached XP level 4. HP: 35/35 MP: 4/4
  1908 | D:2      | Noticed Sigmund
  1925 | D:2      | Killed Sigmund
  1926 | D:2      | Reached skill level 4 in Axes
  1926 | D:2      | Gained mutation: You regenerate health from kills. [demonic
                  | ancestry]
  1926 | D:2      | Reached XP level 5. HP: 9/41 MP: 5/5
  2339 | D:2      | Noticed Natasha
  2349 | D:2      | Killed Natasha
  9220 | D:3      | Reached XP level 6. HP: 47/47 MP: 6/6
  9430 | D:3      | Identified the +4 whip "Vearr" {vorpal, Will- rCorr Dex+6}
  9493 | D:3      | Reached skill level 5 in Axes
  9988 | D:2      | Bought a potion of mutation for 80 gold pieces
 10224 | D:4      | Reached XP level 7. HP: 38/52 MP: 5/7
 10447 | D:4      | Found a runed translucent door.
 10448 | D:4      | Noticed Crazy Yiuf
 10475 | D:4      | Found a hazy altar of Hepliaklqana.
 11124 | D:4      | Killed Crazy Yiuf
 11181 | D:5      | Entered Level 5 of the Dungeon
 11194 | D:5      | Reached skill level 6 in Axes
 11225 | D:5      | Reached skill level 1 in Dodging
 11436 | D:5      | Gained mutation: Your hexes are more powerful. [demonic
                  | ancestry]
 11436 | D:5      | Reached XP level 8. HP: 57/60 MP: 8/8
 11519 | D:5      | Reached skill level 7 in Axes
 11669 | D:5      | Noticed Menkaure
 11681 | D:5      | Killed Menkaure
 12098 | D:5      | You fall into a shaft and drop 1 floor!
 12184 | D:6      | Found an ornate altar of the Wu Jian Council.
 12484 | D:6      | Reached skill level 8 in Axes
 13016 | D:6      | Reached skill level 5 in Armour
 13454 | D:6      | Found a staircase to the Ecumenical Temple.
 13612 | Temple   | Entered the Ecumenical Temple
 13796 | D:7      | Gained mutation: Your melee attacks may debilitate your
                  | foes. [demonic ancestry]
 13796 | D:7      | Reached XP level 9. HP: 66/66 MP: 9/9
 13809 | D:7      | Reached skill level 9 in Axes
 14025 | D:7      | Reached skill level 5 in Fighting
 14469 | D:7      | Noticed Pikel
 14477 | D:7      | Killed Pikel
 14478 | D:7      | Reached skill level 10 in Axes
 14953 | D:8      | Identified the +4 scale mail of Bighuene {Contam *Slow
                  | +Blink SInv}
 15007 | D:8      | Found a runed translucent door.
 15024 | D:8      | Found a runed translucent door.
 15160 | D:8      | Noticed Psyche
 15181 | D:8      | Reached skill level 11 in Axes
 15181 | D:8      | Reached XP level 10. HP: 53/74 MP: 7/10
 15191 | Abyss:1  | Cast into level 1 of the Abyss (Psyche)
 15273 | Abyss:1  | Slain by an ice devil

Illustrated notes

Levels and vault maps discovered:
D:1:      dpeg_arrival_rhombus, layout_loops_ring,
          chequers_ecumenical_altar_simple_redux
D:2:      layout_basic, serial_shops, shop, uniq_natasha, uniq_sigmund
D:3:      layout_basic, minmay_box_of_dots
D:4:      layout_cave_pools, overflow_temple_1_default, serial_co_window_serial,
          co_window_paths_a, co_window_of_opportunity_a, co_window_corner_a,
          co_window_of_opportunity_a, co_window_of_opportunity_a,
          co_window_paths_a, co_window_paths_a, co_window_unsneaky_path_b,
          co_window_corner_b, co_window_unsneaky_path_a, co_window_2corner,
          co_window_2corner, co_window_4corner_b, glass_columns_b,
          uniq_crazy_yiuf_cottage
D:5:      layout_basic, mainiacjoe_overflow_tiny_flanked, uniq_menkaure
D:6:      layout_loops_corners, nzn_wu_jian_contemplation,
          minmay_temple_entry_glassed_door
D:7:      layout_loops_cross, uniq_pikel
D:8:      lemuel_insect_pit, layout_loops_ring, mainiacjoe_overflow_swirl,
          eino_jars, uniq_psyche, uniq_amaemon
D:9:      layout_grid_maze, mainiacjoe_overflow_concentric_impassable,
          due_lair_maze_entry_diamond, enter_bailey_2, minivault_10
Temple:   kb_temple_of_zot
Abyss:1:  base:
D:9

Skill      XL: |  1  2  3  4  5  6  7  8  9 |
---------------+----------------------------+-----
Axes           | 2 3 4 5 6 8 11 | 11.1
Armour         | 3 4 5 |  5.7
Shields        | 3 |  3.7
Dodging        | 1 2 |  2.2
Fighting       | 4 5 |  5.4
Stealth        | |  0.8

Action                   |  1- 3 |  4- 6 |  7- 9 | 10-12 || total
-------------------------+-------+-------+-------+-------++-------
Melee: War axe           |   118 |   120 |   302 |       ||   540
       Tailslap          |       |    19 |    44 |     4 ||    67
       Battleaxe         |       |       |    28 |    12 ||    40
  Use: Potion            |     2 |     2 |     1 |       ||     5
       Scroll            |     1 |     5 |    11 |     1 ||    18
Armor: Scale mail        |    53 |    49 |   130 |       ||   232
       Plate armour      |       |       |    20 |     6 ||    26
Dodge: Dodged            |    52 |    44 |   112 |     3 ||   211
Block: Buckler           |    28 |    20 |    71 |       ||   119

Table legend: (Time is in decaauts)
 A = Elapsed time spent in this place.
 B = Non-inter-level travel time spent in this place.
 C = Inter-level travel time spent in this place.
 D = Time resting spent in this place.
 E = Time spent auto-exploring this place.
 F = Levels seen in this place.
 G = Mean time per level.
                   A        B        C        D        E       F      G
               +--------+--------+--------+--------+--------+-----+--------+
         Total |  15404 |  14674 |    730 |   6972 |   6249 |  11 | 1400.4 |
       Dungeon |  15215 |  14500 |    715 |   6972 |   6095 |   9 | 1690.6 |
        Temple |    106 |     91 |     15 |      0 |     80 |   1 |  106.0 |
         Abyss |     82 |     82 |      0 |      0 |     74 |   1 |   82.0 |
               +--------+--------+--------+--------+--------+-----+--------+

Top non-repeatable levels by time:
     D:2: 7947 daAuts
     D:1: 1388 daAuts
     D:5: 1344 daAuts
     D:6: 1184 daAuts
     D:4: 1096 daAuts
     D:7: 864 daAuts
     D:3: 840 daAuts
     D:8: 511 daAuts
  Temple: 106 daAuts
 Abyss:1: 82 daAuts
     D:9: 37 daAuts
